 Dungeon Crawl Stone Soup version 0.26-a0-606-g3c8f2f65f7 (webtiles) character file.

Game seed: 6053746117855887499

264840 iamvegan the Severer (level 20, -20/177 HPs)
             Began as a Ghoul Fighter on Sept 2, 2020.
             Was an Initiate of Gozag.
             Killed from afar by a deep elf high priest (31 damage)
             ... with damnation
             ... on level 3 of the Elven Halls.
             The game lasted 01:24:44 (44520 turns).

iamvegan the Severer (Ghoul Fighter)               Turns: 44520, Time: 01:24:44

Health: -20/177    AC: 31    Str: 33    XL:     20   Next: 5%
Magic:  0/27       EV:  9    Int:  9    God:    Gozag
Gold:   11845      SH: 17    Dex: 14    Spells: 28/30 levels left

rFire    . . .     SeeInvis +   b - +9 broad axe (flame)
rCold    + + +     Faith    .   K - +2 kite shield
rNeg     + + +     Spirit   +   C - +8 chain mail of Iwaobrie {rC+}
rPois    ∞         Reflect  .   y - +1 helmet of Disguise {rF+ Str+4 Dex+4 SInv}
rElec    +         Harm     .   V - scarf {repulsion}
rCorr    +                      t - +2 pair of gloves of the Five Knives {rElec rN+ Int+4}
MR       +++..                  r - +2 pair of boots {rampage}
Stlth    ..........             a - amulet of guardian spirit
HPRegen  0.00/turn              e - ring of the Aged Yaks {rCorr Str+4}
MPRegen  0.20/turn              Q - ring of Bideam {Ice MR++}

@: repel missiles
A: rotting body, claws 1, cold resistance 1, negative energy resistance 3,
inhibited regeneration, torment resistance, unbreathing
}: 2/15 runes: decaying, gossamer
a: Potion Petition, Call Merchant, Bribe Branch, Renounce Religion


You were on level 3 of the Elven Halls.
You worshipped Gozag.
Gozag was extremely pleased with you.
You visited 7 branches of the dungeon, and saw 35 of its levels.
You also visited: Gauntlet and Ice Cave.

You collected 14369 gold pieces.
You spent 2476 gold pieces at shops.
You paid 48 gold pieces to Gozag.

Inventory:

Hand Weapons
 b - a +9 broad axe of flaming (weapon)
 x - the +8 executioner's axe "Tuh Joru" {freeze, rF+++ Str+3 Int-3 Dex+3}
   (You acquired it on level 2 of the Elven Halls)

   It has been specially enchanted to freeze those struck by it, causing extra
   injury to most foes and up to half again as much damage against particularly
   susceptible opponents.
   It can also slow down cold-blooded creatures.
   It affects your strength (+3).
   It affects your intelligence (-3).
   It affects your dexterity (+3).
   It renders you almost immune to fire.
Missiles
 D - 63 javelins
 J - 4 silver boomerangs (quivered)
 U - 14 silver javelins
Armour
 r - a +2 pair of boots of rampaging (worn)
 t - the +2 pair of gloves of the Five Knives (worn) {rElec rN+ Int+4}
   (You found it on level 14 of the Dungeon)

   It affects your intelligence (+4).
   It insulates you from electricity.
   It protects you from negative energy.
 y - the +1 helmet of Disguise (worn) {rF+ Str+4 Dex+4 SInv}
   (You found it in a Gauntlet)

   It affects your strength (+4).
   It affects your dexterity (+4).
   It protects you from fire.
   It lets you see invisible.
 C - the +8 chain mail of Iwaobrie (worn) {rC+}
   (You bought it in a shop on level 1 of the Orcish Mines)

   It protects you from cold.
 G - a +1 cloak
 K - a +2 kite shield (worn)
 V - a scarf of repulsion (worn)
 Z - a +0 tower shield of protection
Jewellery
 a - an amulet of guardian spirit (around neck)
 e - the ring of the Aged Yaks (left hand) {rCorr Str+4}
   (You bought it in a shop on level 2 of the Orcish Mines)

   [ring of resist corrosion]

   It affects your strength (+4).
   It provides partial protection from all sources of acid and corrosion.
 Q - the ring of Bideam (right hand) {Ice MR++}
   (You found it on level 1 of the Elven Halls)

   [ring of ice]

   It enhances your ice magic.
   It makes you vulnerable to fire.
   It protects you from cold.
   It affects your resistance to hostile enchantments.
 R - a +6 ring of intelligence
 Y - an uncursed ring of protection from fire
Wands
 f - a wand of polymorph (36)
 h - a wand of acid (10)
 l - a wand of iceblast (35)
 n - a wand of enslavement (26)
 w - a wand of digging (20)
 I - a wand of paralysis (12)
 M - a wand of disintegration (35)
Scrolls
 d - 4 scrolls of amnesia
 j - 23 scrolls of remove curse
 k - 10 scrolls of teleportation
 m - 4 scrolls of immolation
 q - 6 scrolls of blinking
 v - a scroll of identify
 z - 4 scrolls of fog
 A - 6 scrolls of magic mapping
 F - 3 scrolls of fear
 H - 5 scrolls of torment
 P - 2 scrolls of summoning
 S - 2 scrolls of silence
 W - a scroll of enchant weapon
Potions
 c - a potion of invisibility
 g - a potion of cancellation
 i - 3 potions of haste
 o - 7 potions of heal wounds
 p - 13 potions of curing
 u - 5 potions of resistance
 B - a potion of might
 L - 4 potions of flight
 O - 4 potions of ambrosia
 X - 2 potions of magic
Miscellaneous
 s - a phantom mirror
 E - a phial of floods
 N - a tin of tremorstones (3/3)
 T - a lightning rod (4/4)


   Skills:
 + Level 14.8 Fighting
 - Level 16.0 Axes
 - Level 5.0 Throwing
 - Level 14.2 Armour
 - Level 15.0 Shields
 - Level 5.5 Spellcasting
 - Level 15.3 Evocations


You had 28 spell levels left.
You knew the following spells:

 Your Spells              Type           Power        Failure   Level
a - Blink                 Tloc           N/A          71%         2

Your spell library contained the following spells:

 Spells                   Type           Power        Failure   Level
 Apportation              Tloc           #.....       56%         1
 Corona                   Hex            #......      56%         1
 Foxfire                  Conj/Fire      #...         56%         1
 Freeze                   Ice            #...         56%         1
 Magic Dart               Conj           #...         56%         1
 Shock                    Conj/Air       #...         56%         1
 Summon Small Mammal      Summ           #...         56%         1
 Call Imp                 Summ           #.......     71%         2
 Ensorcelled Hibernation  Hex/Ice        #.....       71%         2
 Searing Ray              Conj           #.....       71%         2
 Slow                     Hex            #.......     71%         2
 Swiftness                Air            #.......     71%         2
 Call Canine Familiar     Summ           #.......     91%         3
 Conjure Flame            Conj/Fire      #.......     91%         3
 Dazzling Flash           Conj/Hex       #.....       91%         3
 Frozen Ramparts          Ice            #.....       91%         3
 Gell's Gravitas          Tloc           #.........   91%         3
 Inner Flame              Hex/Fire       #.......     91%         3
 Lesser Beckoning         Tloc           #.........   91%         3
 Mephitic Cloud           Conj/Pois/Air  #.......     91%         3
 Ozocubu's Armour         Ice            #.......     91%         3
 Portal Projectile        Hex/Tloc       #.....       91%         3
 Static Discharge         Conj/Air       #.......     91%         3
 Summon Guardian Golem    Hex/Summ       #.......     91%         3
 Tukima's Dance           Hex            #.......     91%         3
 Airstrike                Air            #.........   100%        4
 Animate Dead             Necr           #.........   100%        4
 Cause Fear               Hex            #.........   100%        4
 Fulminant Prism          Conj/Hex       #.........   100%        4
 Hailstorm                Conj/Ice       #.......     100%        4
 Iskenderun's Mystic Bla  Conj/Tloc      #.......     100%        4
 Leda's Liquefaction      Hex/Erth       #.........   100%        4
 Sticky Flame             Conj/Fire      #.......     100%        4
 Summon Ice Beast         Ice/Summ       #.......     100%        4
 Summon Lightning Spire   Summ/Air       #.......     100%        4
 Alistair's Intoxication  Tmut/Pois      #........    100%        5
 Bolt of Magma            Conj/Fire/Erth #.........   100%        5
 Borgnjor's Vile Clutch   Necr/Erth      #.........   100%        5
 Fireball                 Conj/Fire      #.........   100%        5
 Irradiate                Conj/Tmut      #.........   100%        5
 Iskenderun's Battlesphe  Conj           #.......     100%        5
 Lightning Bolt           Conj/Air       #.........   100%        5
 Summon Mana Viper        Hex/Summ       #.......     100%        5
 Death Channel            Necr           #.........   100%        6
 Eringya's Noxious Bog    Tmut/Pois      #.........   100%        6
 Invisibility             Hex            #.......     100%        6
 Iron Shot                Conj/Erth      #.........   100%        6
 Simulacrum               Ice/Necr       #.........   100%        6
 Orb of Destruction       Conj           #.........   100%        7
 Spellforged Servitor     Conj/Summ      #.........   100%        7
 Hydra Form               Tmut           Unusable     N/A         6
 Statue Form              Tmut/Erth      Unusable     N/A         6
 Dragon Form              Tmut           Unusable     N/A         7

Dungeon Overview and Level Annotations

Branches:
Dungeon (15/15)            Temple (1/1) D:5            Lair (6/6) D:10
  Swamp (4/4) Lair:3       Spider (4/4) Lair:4        Slime (0/5) Lair:6
    Orc (2/2) D:9             Elf (3/3) Orc:2        Vaults (0/5) D:13
 Depths (0/5) D:15          IceCv (visited)         Gauntlet (visited)

Altars:
Ashenzari
Cheibriados
Dithmenos
Elyvilon
Fedhas
Gozag
Hepliaklqana
Kikubaaqudgha
Makhleb
Nemelex Xobeh
Okawaru
Qazlal
Ru
Sif Muna
Trog
Uskayaw
Vehumet
Wu Jian
Xom
Yredelemnul
Zin
The Shining One
Beogh

Shops:
D:10 ?   D:12 *   D:15 *   Orc:1 [   Orc:2 ![=:

Annotations:
D:14 1 runed translucent door, PirateVox's ghost, journeyman GnSu
Elf:2 3 runed translucent doors


Innate Abilities, Weirdness & Mutations

Your body is rotting away.
You thrive by killing the living.
You are immune to poison.
You have sharp fingernails.
Your flesh is cold resistant. (rC+)
You are immune to negative energy. (rN+++)
You do not regenerate when monsters are visible.
You are immune to unholy pain and torment.
You can survive without breathing.


Message History

The sixfirhy hits you but does no damage.
The sixfirhy hits you!
* * * LOW HITPOINT WARNING * * *
The sixfirhy shocks you. You resist.
* * * LOW HITPOINT WARNING * * *
Unknown command.
Press: ? - help, Dir - move target cursor
As you read the scroll of blinking, it crumbles to dust.
The deep elf demonologist gestures wildly while chanting.
The deep elf high priest invokes the aid of its god against you.
The sphere of damnation explodes!
The damnation engulfs you!!
* * * LOW HITPOINT WARNING * * *
The smoke demon gestures at you. Something smites you!
* * * LOW HITPOINT WARNING * * *
The deep elf high priest mumbles some strange prayers.
The deep elf high priest mumbles some strange prayers to its god against you.
The sphere of damnation explodes!
The damnation engulfs you!!
You die...
Your body crumbles into a pile of gold.

####....# #....)...##
........###).#####..#
#####........# ##.# #
#...####.# #.# # #...#
#.# #.# # #...# #.#
###'## # #...# #.#
##....## #
#...####.###......##
#####..<.......'@......#
.............###.......#
........ # #.......#
#####... #......## ## #
###....## #(# #
#....e3E## #.# #####.
#........####.# .......
#.....1eee.#3# .......
#....)E.EEe§##


You could see an Ice Fiend (summoned), a deep elf sorcerer, a deep elf
elementalist (repels missiles), a deep elf demonologist, a deep elf high priest,
an earth elemental (summoned) and a smoke demon (summoned).

Vanquished Creatures
  Nikola (Swamp:3)
  Arachne (Spider:4)
  Jorgrun (Swamp:1)
  Asterion (Elf:3)
  A deep elf master archer (Elf:3)
  2 deep elf blademasters (Elf:3)
  A thorn hunter (Swamp:4)
  Roxanne (Spider:3)
  3 ghost moths (Spider:4)
  Louise (D:15)
  2 emperor scorpions
  6 deep elf sorcerers
  A balrug (Gauntlet)
  2 deep elf elementalists
  A caustic shrike skeleton (D:15)
  A deep elf demonologist (Elf:2)
  4 entropy weavers
  Azrael (Elf:1)
  3 spark wasps (Spider:4)
  A white draconian (IceCv)
  2 minotaurs
  3 deep elf death magi (Elf:3)
  The ghost of Veravecs the Grappler, a journeyman VSWn of Ashenzari (Lair:5)
  A fire dragon (Swamp:4)
  23 hydras
  An ice dragon (Elf:1)
  A rakshasa (D:14)
  3 catoblepae (Lair:6)
  The ghost of fly the Ducker, a novice TrDe of Wu Jian (D:11)
  8 centaur warriors
  7 two-headed ogres
  8 ghost crabs
  5 death yaks (Lair:6)
  An ogre mage (D:13)
  7 alligators
  A tengu warrior (D:15)
  9 spriggans
  A vampire mage (D:15)
  Urug (D:10)
  12 deep elf knights
  A skeletal warrior (D:15)
  2 unseen horrors
  5 spriggan druids
  15 swamp dragons
  3 lindwurms (Swamp:4)
  An obsidian statue (Gauntlet)
  11 deep elf archers
  An orange crystal statue (D:11)
  A necromancer (D:15)
  An oklob plant (Lair:1)
  26 orb spiders
  3 orc knights
  18 ugly things
  5 cyclopes
  An orc sorcerer (Elf:3)
  A stone giant zombie (D:15)
  28 wolf spiders
  48 deep elf magi
  5 manticores
  A moth of wrath (Spider:4)
  A black mamba (shapeshifter) (Elf:1)
  An ice statue (IceCv)
  6 elephants (Lair:4)
  4 apocalypse crabs (Swamp:2)
  A torpor snail (Spider:1)
  5 black mambas
  3 gargoyles
  22 cane toads
  3 yaktaurs (D:15)
  Maggie (D:6)
  9 komodo dragons
  2 rime drakes (Elf:1)
  A redback zombie (D:15)
  9 demonic crawlers
  A guardian mummy (D:15)
  A tengu conjurer (D:10)
  21 hornets
  23 jumping spiders
  10 trolls
  22 polar bears
  4 bog bodies
  Grinder (D:6)
  5 slime creatures (Swamp:2)
  A queen bee (shapeshifter) (Elf:1)
  7 tyrant leeches
  20 blink frogs
  8 hippogriffs
  5 dream sheep (Lair:5)
  51 redbacks
  4 air elementals
  43 tarantellas
  A deep troll zombie (D:15)
  A shadow (D:15)
  A yak (shapeshifter) (Elf:3)
  A spriggan (shapeshifter) (D:15)
  3 wyverns
  75 yaks
  A basilisk (shapeshifter) (D:15)
  6 fire elementals
  8 vampire mosquitoes
  3 basilisks
  Edmund (D:6)
  2 wargs (Orc:1)
  17 swamp worms
  15 insubstantial wisps
  2 acid dragons
  16 water moccasins
  A human skeleton (D:15)
  6 porcupines
  4 hell hounds
  14 swamp drakes
  A hornet zombie (D:7)
  4 sky beasts
  14 ice beasts
  An eye of draining (D:13)
  A necrophage (D:11)
  28 orc warriors
  4 black bears
  12 ogres
  2 phantoms
  A centaur (shapeshifter) (Elf:3)
  21 centaurs
  13 wolves (IceCv)
  9 crocodiles
  6 big kobolds
  23 bullfrogs
  A gnoll sergeant (Orc:1)
  A wyvern zombie (D:8)
  5 earth elementals
  4 scorpions
  2 wyvern skeletons (D:8)
  4 wights
  3 howler monkeys
  4 electric eels
  A bullfrog zombie (D:9)
  2 centaur zombies
  2 quasits
  8 centaur skeletons
  5 hounds
  Crazy Yiuf (D:6)
  2 bullfrog skeletons
  16 orc priests
  15 orc wizards
  Ijyb (D:4)
  An iguana (D:13)
  7 worker ants
  2 hound skeletons
  A worker ant zombie (D:9)
  15 gnolls
  12 adders
  5 shadow imps
  4 white imps
  3 ufetubi
  2 oozes
  2 adder zombies
  An adder skeleton (D:7)
  A worm (D:4)
  4 dart slugs
  4 leopard geckos
  79 orcs
  2 giant cockroaches
  6 goblins
  14 hobgoblins
  17 jackals
  3 quokkas
  A ball python (D:6)
  9 bats
  8 frilled lizards
  A jackal skeleton (D:6)
  23 kobolds
  A quokka skeleton (D:4)
  7 rats
  A bush (Lair:1)
1234 creatures vanquished.

Vanquished Creatures (others)
  A deep elf demonologist (Elf:3)
  A hydra (Swamp:2)
  A shambling mangrove (Swamp:2)
  13 dancing weapons
  2 deep elf magi
  A wolf spider (Spider:4)
  A cane toad (Swamp:2)
  A jumping spider (Spider:2)
  3 hornets (Swamp:2)
  A tyrant leech (Swamp:3)
  A slime creature (Swamp:2)
  2 spriggans
  A yak (IceCv)
  A tarantella (Spider:4)
  A vampire mosquito (Swamp:2)
  An insubstantial wisp (Swamp:2)
  2 swamp worms (Swamp:2)
  3 swamp drakes
  19 fungi
  16 plants
  8 withered plants
80 creatures vanquished.

Grand Total: 1314 creatures vanquished

Notes
Turn   | Place    | Note
-------+----------+-------------------------------------------
     0 | D:1      | iamvegan the Ghoul Fighter began the quest for the Orb.
     0 | D:1      | Reached XP level 1. HP: 19/19 MP: 0/0
     8 | D:1      | Reached skill level 2 in Axes
    77 | D:1      | Reached XP level 2. HP: 26/26 MP: 1/1
   300 | D:1      | Reached skill level 3 in Axes
   306 | D:1      | Reached XP level 3. HP: 24/31 MP: 2/2
   890 | D:2      | Reached skill level 4 in Axes
   890 | D:2      | Reached XP level 4. HP: 24/38 MP: 3/3
  1322 | D:2      | Reached XP level 5. HP: 19/45 MP: 4/4
  1859 | D:2      | Found a glowing golden altar of the Shining One.
  2223 | D:3      | Noticed a hippogriff
  2246 | D:3      | Killed a hippogriff
  2246 | D:3      | Reached XP level 6. HP: 26/51 MP: 5/5
  3040 | D:3      | Reached XP level 7. HP: 46/57 MP: 6/6
  3770 | D:4      | Reached skill level 5 in Throwing
  3820 | D:4      | Noticed Ijyb
  3834 | D:4      | Killed Ijyb
  3960 | D:4      | Reached skill level 5 in Fighting
  4011 | D:3      | Reached XP level 8. HP: 30/70 MP: 7/7
  4214 | D:3      | Reached skill level 5 in Axes
  4840 | D:5      | Entered Level 5 of the Dungeon
  4868 | D:5      | Reached skill level 6 in Axes
  4893 | D:5      | Found an iron altar of Okawaru.
  4928 | D:5      | Found a staircase to the Ecumenical Temple.
  4990 | Temple   | Entered the Ecumenical Temple
  5052 | Temple   | Became a worshipper of Gozag Ym Sagoz the Greedy
  5576 | D:5      | Reached skill level 7 in Axes
  6353 | D:6      | Noticed Grinder
  6359 | D:6      | Noticed Edmund
  6372 | D:6      | Paralysed by Grinder for 5 turns
  6390 | D:6      | Found a runed translucent door.
  6391 | D:6      | Noticed Crazy Yiuf
  6401 | D:6      | Reached XP level 9. HP: 60/75 MP: 8/8
  6411 | D:6      | Killed Grinder
  6550 | D:6      | Killed Edmund
  6550 | D:6      | Reached skill level 5 in Shields
  6811 | D:6      | Noticed Maggie
  6835 | D:6      | Killed Maggie
  7344 | D:6      | Killed Crazy Yiuf
  7556 | D:7      | Found a snail-covered altar of Cheibriados.
  7906 | D:7      | Reached skill level 1 in Evocations
  8320 | D:8      | Noticed a two-headed ogre
  8366 | D:8      | Killed a two-headed ogre
  8366 | D:8      | Reached XP level 10. HP: 59/88 MP: 9/9
  8575 | D:8      | Found an opulent altar of Gozag.
  8583 | D:8      | Learned a level 2 spell: Blink
  8879 | D:8      | Reached skill level 8 in Axes
  9229 | D:8      | Found a sacrificial altar of Ru.
  9817 | D:9      | Reached skill level 9 in Axes
  9847 | D:9      | Found a staircase to the Orcish Mines.
 10542 | D:10     | Entered Level 10 of the Dungeon
 10626 | D:9      | Reached skill level 10 in Axes
 10940 | D:10     | Noticed Urug
 10945 | D:10     | Found a staircase to the Lair.
 10955 | D:10     | Killed Urug
 10955 | D:10     | Reached XP level 11. HP: 93/93 MP: 10/10
 11510 | D:10     | Found Tisitau's Magic Scroll Emporium.
 11517 | D:10     | Bought a scroll of noise for 11 gold pieces
 11517 | D:10     | Bought a scroll of identify for 22 gold pieces
 11517 | D:10     | Bought a scroll of identify for 22 gold pieces
 11517 | D:10     | Bought a scroll of fear for 38 gold pieces
 11517 | D:10     | Bought a scroll of identify for 22 gold pieces
 11785 | D:10     | Reached skill level 5 in Armour
 11967 | D:11     | Found a runed translucent gate.
 11967 | D:11     | Found a runed translucent gate.
 11967 | D:11     | Found a runed translucent gate.
 11999 | D:11     | Noticed fly's ghost (novice TrDe)
 11999 | D:11     | Noticed a minotaur
 12009 | D:11     | Noticed a cyclops
 12030 | D:11     | Killed a cyclops
 12227 | D:11     | Noticed an orange crystal statue
 12238 | D:11     | Noticed a cyclops
 12481 | D:11     | Identified Yrhodu's Volume of Malediction
 12647 | D:11     | Killed an unseen horror
 13169 | D:12     | Noticed a two-headed ogre
 13185 | D:11     | Killed a two-headed ogre
 13324 | D:12     | Reached XP level 12. HP: 84/101 MP: 8/11
 14359 | D:12     | Found Isoewk's General Store.
 14362 | D:12     | Bought a +0 broad axe for 68 gold pieces
 14362 | D:12     | Bought 3 javelins for 40 gold pieces
 14369 | D:12     | Bought 2 scrolls of enchant weapon for 255 gold pieces
 14373 | D:12     | Bought a +2 pair of boots of rampaging for 365 gold pieces
 14508 | Orc:1    | Entered Level 1 of the Orcish Mines
 14508 | Orc:1    | Found a roughly hewn altar of Beogh.
 14618 | Orc:2    | Entered Level 2 of the Orcish Mines
 14709 | Orc:2    | Found a staircase to the Elven Halls.
 15974 | Orc:2    | Noticed a centaur warrior
 15984 | Orc:2    | Killed a centaur warrior
 15984 | Orc:2    | Reached skill level 10 in Fighting
 16297 | Orc:2    | Found Herghut's Jewellery Boutique.
 16297 | Orc:2    | Found Qityden's Armour Shoppe.
 16300 | Orc:2    | Found Iridghyo's Distillery.
 16302 | Orc:2    | Found Foady's Book Shop.
 16306 | Orc:2    | Bought the ring of the Aged Yaks {rCorr Str+4} for 389 gold
                  | pieces
 16311 | Orc:2    | Bought a potion of might for 48 gold pieces
 16311 | Orc:2    | Bought a potion of curing for 36 gold pieces
 16311 | Orc:2    | Bought a potion of resistance for 120 gold pieces
 16311 | Orc:2    | Bought a potion of haste for 120 gold pieces
 16418 | Orc:1    | Found Nuemeg's Armour Shop.
 16440 | Orc:1    | Found a bloodstained altar of Trog.
 16504 | Orc:1    | Found a roughly hewn altar of Beogh.
 16777 | Orc:1    | Bought the +8 chain mail of Iwaobrie {rC+} for 585 gold
                  | pieces
 16777 | Orc:1    | Bought a +2 helmet of intelligence for 215 gold pieces
 16945 | Lair:1   | Entered Level 1 of the Lair of Beasts
 16946 | Lair:1   | Noticed a seven-headed hydra
 16953 | Lair:1   | Killed a three-headed hydra
 16953 | Lair:1   | Reached XP level 13. HP: 86/116 MP: 7/12
 18239 | Lair:2   | Got a masterwork fustibalus
 18283 | Lair:2   | Identified the +2 fustibalus of Peger {speed, *Contam rN+
                  | Str+4} (You found it on level 2 of the Lair of Beasts)
 19117 | Lair:3   | Found a staircase to the Swamp.
 19899 | Lair:4   | Reached skill level 1 in Spellcasting
 20552 | Lair:4   | Found a hole to the Spider Nest.
 20682 | Lair:4   | Reached skill level 5 in Spellcasting
 20686 | Lair:4   | Reached XP level 14. HP: 125/132 MP: 16/20
 21543 | Lair:5   | Found a runed translucent door.
 21543 | Lair:5   | Noticed Veravecs's ghost (journeyman VSWn)
 21574 | Lair:5   | Killed Veravecs's ghost
 21578 | Lair:5   | Got a twisted morningstar
 21579 | Lair:5   | Identified the +8 morningstar "Faybull" {venom, rPois} (You
                  | found it on level 5 of the Lair of Beasts)
 22059 | Lair:6   | Entered Level 6 of the Lair of Beasts
 22096 | Lair:6   | Reached skill level 5 in Evocations
 22124 | Lair:6   | Identified a scroll of acquirement
 22125 | Lair:6   | Acquired a manual of Evocations
 22592 | Lair:6   | Reached skill level 10 in Evocations
 22781 | Lair:6   | Found a staircase to the Slime Pits.
 23400 | Spider:1 | Entered Level 1 of the Spider Nest
 23844 | Spider:1 | Reached XP level 15. HP: 138/138 MP: 22/22
 24803 | Spider:1 | Got an ivory war axe
 24804 | Spider:1 | Identified the cursed +1 war axe of the Crawling Thing
                  | {flame, Str+4} (You found it on level 1 of the Spider Nest)
 24918 | Spider:2 | Noticed an emperor scorpion
 24954 | Spider:1 | Killed an emperor scorpion
 25981 | Spider:3 | Reached skill level 15 in Evocations
 26358 | Spider:3 | Reached skill level 11 in Axes
 26842 | Spider:3 | Reached XP level 16. HP: 146/146 MP: 23/23
 27167 | Spider:3 | Identified Roxanne's Compendium of Transmigration
 27167 | Spider:3 | Noticed Roxanne
 27189 | Spider:3 | Killed Roxanne
 27603 | Spider:4 | Entered Level 4 of the Spider Nest
 27889 | Spider:4 | Reached skill level 12 in Axes
 28525 | Spider:4 | Noticed Arachne
 28644 | Spider:4 | Reached skill level 13 in Axes
 29423 | Spider:4 | Killed Arachne
 29930 | Spider:4 | Got a gossamer rune of Zot
 30154 | Spider:4 | Reached skill level 14 in Axes
 30919 | D:11     | Identified Sif Muna's Compendium of the Spatial Escort
 31014 | D:11     | Killed fly's ghost
 31450 | D:13     | Found a basalt altar of Yredelemnul.
 31665 | D:13     | Found a gate to the Vaults.
 32067 | D:14     | Found a runed translucent door.
 32067 | D:14     | Noticed PirateVox's ghost (journeyman GnSu)
 32083 | D:14     | Reached XP level 17. HP: 149/152 MP: 24/24
 32186 | D:14     | Reached skill level 15 in Axes
 32419 | D:14     | Found a gate leading to a gauntlet.
 32438 | Gauntlet | Entered a Gauntlet
 32438 | Gauntlet | Found a transporter.
 32441 | Gauntlet | Found a transporter.
 32442 | Gauntlet | Found a transporter.
 32443 | Gauntlet | Found a transporter.
 32446 | Gauntlet | Found a transporter.
 32447 | Gauntlet | Found a transporter.
 32457 | Gauntlet | Found a transporter.
 32535 | Gauntlet | Got a glittering ivory ring
 32537 | Gauntlet | Identified the ring of Yveon {*Tele *Drain rPois rF+
                  | Stlth+} (You found it in a Gauntlet)
 32576 | Gauntlet | Got a faintly glowing helmet
 32598 | Gauntlet | Identified the +1 helmet of Disguise {rF+ Str+4 Dex+4 SInv}
                  | (You found it in a Gauntlet)
 32618 | Gauntlet | Found a transporter.
 33014 | D:14     | Got a pair of ancient gloves
 33025 | D:14     | Identified the +2 pair of gloves of the Five Knives {rElec
                  | rN+ Int+4} (You found it on level 14 of the Dungeon)
 33513 | D:15     | Entered Level 15 of the Dungeon
 33634 | D:15     | Found a frozen archway.
 33663 | IceCv    | Entered an ice cave
 34128 | IceCv    | Reached skill level 10 in Armour
 34733 | D:15     | Noticed Louise
 34750 | D:15     | Found a staircase to the Depths.
 34785 | D:15     | Killed Louise
 35019 | D:15     | Reached skill level 10 in Shields
 35140 | D:15     | Found Vianak's General Store.
 35189 | D:15     | Bought a scroll of torment for 120 gold pieces
 35845 | Swamp:1  | Entered Level 1 of the Swamp
 35846 | Swamp:1  | Noticed Jorgrun
 35865 | Swamp:1  | Killed Jorgrun
 36121 | Swamp:1  | Reached XP level 18. HP: 137/160 MP: 20/25
 37074 | Swamp:2  | Found a runed translucent door.
 37342 | Swamp:2  | You fall into a shaft and drop 1 floor!
 37426 | Swamp:3  | Noticed Nikola
 37441 | Swamp:3  | Killed Nikola
 39097 | Swamp:2  | Identified the +6 morningstar of Dishonesty {antimagic,
                  | rElec MP+9}
 39310 | Swamp:4  | Entered Level 4 of the Swamp
 39955 | Swamp:4  | Got a decaying rune of Zot
 40749 | Elf:1    | Entered Level 1 of the Elven Halls
 40775 | Elf:1    | Reached XP level 19. HP: 145/167 MP: 20/26
 41134 | Elf:1    | Got the ring of Bideam {Ice}
 41641 | Elf:1    | Noticed Azrael
 41654 | Elf:1    | Killed Azrael
 42478 | Elf:1    | Identified the ring of Bideam {Ice MR++} (You found it on
                  | level 1 of the Elven Halls)
 42524 | Elf:2    | Noticed a Tzitzimitl
 42543 | Elf:2    | Got a slimy chain mail
 42544 | Elf:2    | Identified the +2 chain mail of Haebb {Regen+ Dex+3} (You
                  | found it on level 2 of the Elven Halls)
 42784 | Elf:2    | Acquired the +8 executioner's axe "Tuh Joru" {freeze, rF+++
                  | Str+3 Int-3 Dex+3}
 43049 | Elf:2    | Found a runed translucent gate.
 43049 | Elf:2    | Found a runed translucent gate.
 43050 | Elf:2    | Found a runed translucent gate.
 43325 | Elf:3    | Entered Level 3 of the Elven Halls
 43487 | Elf:3    | Noticed Asterion
 43524 | Elf:3    | Killed Asterion
 44324 | Elf:3    | Reached skill level 15 in Shields
 44401 | Elf:3    | Reached skill level 16 in Axes
 44495 | Elf:3    | Reached XP level 20. HP: 102/176 MP: 19/27
 44520 | Elf:3    | Killed from afar by a deep elf high priest

Illustrated notes

Levels and vault maps discovered:
D:1:      wander_arrival_lonely_grave, layout_basic
D:2:      layout_basic, nicolae_tso_swordbearing_angel
D:3:      layout_loops_corners, hangedman_decor_lopped, st_stairs_11
D:4:      layout_cave_pools, uniq_ijyb
D:5:      layout_loops_cross, minmay_temple_entry_glass, okawaru_trees_2
D:6:      layout_loops_ring, uniq_grinder, uniq_edmund, uniq_maggie,
          uniq_crazy_yiuf_cottage
D:7:      layout_rooms, basic_altar, grunt_ministairs_3, chequers_avenue,
          palyth_stone_intersect
D:8:      layout_rooms, marbit_many_paths, kennysheep_crisscross,
          nicolae_gozag_cash_rules_everything_around_me
D:9:      layout_long_grid, erik_orc_3, hangedman_decor_peaks_small
D:10:     layout_rooms, lair_entry_dummy, serial_shops,
          nicolae_shop_statue_plus, kennysheep_pointless_box, minmay_puff,
          uniq_urug
D:11:     layout_cave_pools, maelrawn_ghost_gauntlet_escape, nicolae_sextant,
          minivault_15
D:12:     layout_gridville, serial_shops, nicolae_shop_window_shopping,
          minmay_tree_intersection
D:13:     layout_roguey, david_vaults_2, basic_altar
D:14:     layout_loops_ring, gauntlet_entry_generic,
          hellmonk_ghost_happy_afterlife, dk_noncrumbling_2
D:15:     gammafunk_depths_entry_grave, layout_basic, serial_shops, shop,
          portal_ice_cave_entry_ice_beasts, fountainhead, uniq_louise
Temple:   nicolae_temple_the_god_donut
Lair:1:   layout_cave_shapes, minmay_lair_oklob_bushes
Lair:2:   layout_chaotic_city
Lair:3:   layout_regular_city, minmay_swamp_entry_worms
Lair:4:   layout_layer_cave, dummy_spider_entry, infiniplex_staircase_pool
Lair:5:   layout_roguey, gammafunk_ghost_grave, lemuel_fruit_fields,
          serial_bayou_shore_a, grunt_megastairs_2
Lair:6:   evilmike_catoblepas_cave, layout_regular_city, slime_dummy
Swamp:1:  layout_basic_swamp, evilmike_swamp_ruin_house_4, uniq_jorgrun
Swamp:2:  gammafunk_mikee_crab_dinner, layout_basic_swamp,
          evilmike_swamp_ruin_rubble_2, swamp_pool1, st_swamp_ruins_2
Swamp:3:  layout_basic_swamp, evilmike_swamp_ruin_house_2, uniq_nikola
Swamp:4:  swamp_alternative, layout_basic_swamp, swamp_pool3
Spider:1: layout_spider_delve
Spider:2: layout_spider_delve, nicolae_spider_circle_web
Spider:3: layout_chambers, uniq_roxanne
Spider:4: johnstein_spider_rune_arachne_lair, nicolae_spider_cling_ruins
Orc:1:    layout_caves, basic_altar, serial_shops, shop,
          hangedman_feature_mirror
Orc:2:    st_orc_rangers, layout_diamond_mine
Elf:1:    minmay_coctagon, layout_onion_city, evilmike_minifort, st_stairs_14,
          uniq_azrael
Elf:2:    layout_geoelf_octagon
Elf:3:    minmay_elf_hall_not_hex, layout_gridlike, minivault_20, uniq_asterion

Skill      XL: |  1  2  3  4  5  6  7  8  9 10 11 12 13 14 15 16 17 18 19 |
---------------+----------------------------------------------------------+-----
Axes           | 2 3 4 7 10 11 14 15 16 | 16.0
Throwing       | 3 4 5 |  5.0
Fighting       | 5 7 11 14 | 14.8
Shields        | 3 7 9 10 12 15 | 15.0
Evocations     | 1 12 15 | 15.3
Armour         | 8 9 11 13 14 | 14.2
Spellcasting   | 5 |  5.5

Action                   |  1- 3 |  4- 6 |  7- 9 | 10-12 | 13-15 | 16-18 | 19-21 || total
-------------------------+-------+-------+-------+-------+-------+-------+-------++-------
Melee: War axe           |   110 |       |       |   475 |       |       |       ||   585
       Hand axe          |    18 |   175 |   133 |       |       |       |       ||   326
       Mace              |       |       |   147 |       |       |       |       ||   147
       Flail             |       |       |   126 |    43 |       |       |       ||   169
       Whip              |       |       |    16 |       |       |       |       ||    16
       Broad axe         |       |       |       |   179 |   980 |  1521 |   490 ||  3170
Throw: Dart              |       |    13 |    48 |     7 |       |       |       ||    68
       Javelin           |       |     3 |     4 |       |       |       |       ||     7
       Boomerang         |       |       |       |    30 |     5 |    16 |       ||    51
Evoke: Wand              |       |       |       |       |       |       |     3 ||     3
  Use: Scroll            |       |       |    14 |    15 |    11 |    11 |     5 ||    56
       Potion            |       |       |       |       |       |    13 |     1 ||    14
 Stab: Distracted        |       |       |       |     2 |     3 |    14 |     2 ||    21
       Confused          |       |       |       |       |       |     5 |       ||     5
Armor: Scale mail        |    75 |    70 |    90 |   310 |       |       |       ||   545
       Steam dragon scal |       |       |    54 |   106 |       |       |       ||   160
       Chain mail        |       |       |       |    10 |   771 |  1100 |   164 ||  2045
Dodge: Dodged            |    61 |    66 |   121 |   234 |   266 |   383 |    87 ||  1218
       Repelled          |       |       |       |       |       |       |     2 ||     2
Block: Kite shield       |    77 |    85 |   208 |   439 |   777 |  1034 |   239 ||  2859

Table legend: (Time is in decaauts)
 A = Elapsed time spent in this place.
 B = Non-inter-level travel time spent in this place.
 C = Inter-level travel time spent in this place.
 D = Time resting spent in this place.
 E = Time spent auto-exploring this place.
 F = Levels seen in this place.
 G = Mean time per level.
                   A        B        C        D        E       F      G
               +--------+--------+--------+--------+--------+-----+--------+
         Total |  44916 |  42455 |   2461 |   3933 |  29673 |  37 | 1213.9 |
       Dungeon |  18641 |  17350 |   1291 |   1800 |  11724 |  15 | 1242.7 |
        Temple |     67 |     67 |      0 |      0 |      0 |   1 |   67.0 |
          Lair |   6377 |   5915 |    462 |     27 |   4852 |   6 | 1062.8 |
         Swamp |   4999 |   4712 |    287 |     83 |   3833 |   4 | 1249.8 |
   Spider Nest |   7411 |   7242 |    169 |   1010 |   4883 |   4 | 1852.8 |
  Orcish Mines |   2409 |   2333 |     76 |    690 |   1123 |   2 | 1204.5 |
   Elven Halls |   3678 |   3505 |    173 |    305 |   2391 |   3 | 1226.0 |
      Ice Cave |    962 |    962 |      0 |      0 |    709 |   1 |  962.0 |
      Gauntlet |    368 |    368 |      0 |     18 |    157 |   1 |  368.0 |
               +--------+--------+--------+--------+--------+-----+--------+

Top non-repeatable levels by time:
Spider:4: 3123 daAuts
     D:3: 1964 daAuts
Spider:1: 1817 daAuts
   Elf:1: 1718 daAuts
Spider:3: 1647 daAuts
     D:9: 1640 daAuts
    D:11: 1531 daAuts
 Swamp:2: 1475 daAuts
    D:12: 1396 daAuts
     D:6: 1385 daAuts
  Lair:4: 1370 daAuts
     D:5: 1361 daAuts
  Lair:6: 1325 daAuts
   Orc:2: 1320 daAuts
 Swamp:4: 1314 daAuts
